[Event "7th Leer Open-A 2024"]
[Site "Leer"]
[Date "2024.10.31"]
[Round "2.39"]
[White "Schumann, Steffen"]
[Black "Leppert, Stefan"]
[Result "1-0"]
[ECO "B98"]
[WhiteElo "1981"]
[BlackElo "1904"]
[Annotator "RC"]
[PlyCount "55"]
[EventDate "2024.10.14"]
[EventType "swiss"]
[EventCountry "GER"]
[SourceTitle "playchess.com"]
[Source "ChessBase"]
[SourceQuality "1"]
[TimeControl "40/5400+30:900+30"]

1. e4 c5 2. Nf3 d6 3. d4 cxd4 4. Nxd4 Nf6 5. Nc3 a6 6. Bg5 e6 7. f4 Be7 8. Qf3 h6 9. Bh4 g5 10. fxg5 Nfd7 11. Be2 Ne5 12. Qf2 hxg5 13. Bg3 Nbd7 14. O-O-O Qc7 15. Nf3 Rh7 16. h4 Nxf3 17. gxf3 gxh4 18. Bxh4 Bxh4 19. Rxh4 Rxh4 20. Qxh4 b6 21. Rg1 Bb7 22. Rg8+ Nf8 23. f4 Qe7 24. Qf2 Qc7 25. f5 O-O-O 26. Rg7 Rd7 27. Bh5 e5 28. Na4 1-0

[Event "7th Leer Open-A 2024"]
[Site "Leer"]
[Date "2024.10.31"]
[Round "2.40"]
[White "Stoy, Ulf"]
[Black "Goldmann, David"]
[Result "1/2-1/2"]
[ECO "A22"]
[WhiteElo "1910"]
[BlackElo "1969"]
[Annotator "RC"]
[PlyCount "56"]
[EventDate "2024.10.14"]
[EventType "swiss"]
[EventCountry "GER"]
[SourceTitle "playchess.com"]
[Source "ChessBase"]
[SourceQuality "1"]
[TimeControl "40/5400+30:900+30"]

1. c4 e5 2. g3 Nf6 3. Bg2 Bc5 4. Nc3 O-O 5. e3 Re8 6. Nge2 e4 7. f3 exf3 8. Bxf3 d6 9. O-O Nc6 10. d4 Bb6 11. Nf4 Bf5 12. Nfd5 Nxd5 13. Bxd5 Be6 14. Qf3 Qd7 15. Bd2 Bxd5 16. Nxd5 Nd8 17. Rae1 c6 18. Nc3 Ne6 19. d5 Nc5 20. Kg2 Nd3 21. Rb1 Ne5 22. Qe2 Qg4 23. Qxg4 Nxg4 24. e4 Be3 25. Rfd1 Bxd2 26. Rxd2 Ne3+ 27. Kf2 Nxc4 28. Rd4 Ne5 1/2-1/2

[Event "7th Leer Open-A 2024"]
[Site "Leer"]
[Date "2024.10.31"]
[Round "2.41"]
[White "Jonnek, Thomas"]
[Black "Schreiber, Ralf"]
[Result "1-0"]
[ECO "A46"]
[WhiteElo "2012"]
[BlackElo "1884"]
[Annotator "RC"]
[PlyCount "45"]
[EventDate "2024.10.14"]
[EventType "swiss"]
[EventCountry "GER"]
[SourceTitle "playchess.com"]
[Source "ChessBase"]
[SourceQuality "1"]
[TimeControl "40/5400+30:900+30"]

1. d4 c6 2. Nf3 d6 3. g3 Nf6 4. Bg2 Qc7 5. O-O e5 6. c3 e4 7. Ng5 d5 8. f3 h6 9. Nh3 Bf5 10. Bf4 Bd6 11. fxe4 Bxe4 12. Bxe4 Nxe4 13. Nd2 Ng5 14. Nxg5 hxg5 15. Bxd6 Qxd6 16. e4 Rh3 17. Qg4 Qe6 18. Qxg5 Qh6 19. Nf3 Rh5 20. Qxh6 Rxh6 21. exd5 cxd5 22. Ng5 Rf6 23. Rae1+ 1-0

[Event "7th Leer Open-A 2024"]
[Site "Leer"]
[Date "2024.10.31"]
[Round "2.42"]
[White "Van Coppenolle, Lander"]
[Black "Lau, Udo"]
[Result "1-0"]
[ECO "B14"]
[WhiteElo "1907"]
[BlackElo "2010"]
[Annotator "RC"]
[PlyCount "85"]
[EventDate "2024.10.14"]
[EventType "swiss"]
[EventCountry "GER"]
[SourceTitle "playchess.com"]
[Source "ChessBase"]
[SourceQuality "1"]
[TimeControl "40/5400+30:900+30"]

1. e4 c6 2. d4 d5 3. exd5 cxd5 4. c4 Nf6 5. Nc3 e6 6. Nf3 Be7 7. c5 O-O 8. Bd3 Nc6 9. O-O Bd7 10. a3 Rc8 11. b4 Qc7 12. Re1 Rfd8 13. g3 Rf8 14. Rb1 Qd8 15. b5 Na5 16. Ne5 Be8 17. Bd2 b6 18. c6 Bxa3 19. Na2 Bd6 20. Qa4 a6 21. bxa6 Nxc6 22. Bb5 Na7 23. Bxe8 Rxe8 24. Nc3 Bxe5 25. dxe5 Nd7 26. Nb5 Nc5 27. Qg4 Nxb5 28. Rxb5 Ne4 29. Be3 f5 30. exf6 Nxf6 31. Qb4 e5 32. Bxb6 Qd7 33. a7 d4 34. Rbxe5 Rxe5 35. Rxe5 Ng4 36. Rc5 Re8 37. Rc7 Qf5 38. Bxd4 Ne5 39. Bxe5 Qxe5 40. Re7 Qa1+ 41. Kg2 Rf8 42. Qb3+ Kh8 43. Qf7 1-0

[Event "7th Leer Open-A 2024"]
[Site "Leer"]
[Date "2024.10.31"]
[Round "2.43"]
[White "Wiethuechter, Samuel"]
[Black "Budzyn, Matthias"]
[Result "0-1"]
[ECO "A23"]
[WhiteElo "1883"]
[BlackElo "1986"]
[Annotator "RC"]
[PlyCount "65"]
[EventDate "2024.10.14"]
[EventType "swiss"]
[EventCountry "GER"]
[SourceTitle "playchess.com"]
[Source "ChessBase"]
[SourceQuality "1"]
[TimeControl "40/5400+30:900+30"]

1. c4 e5 2. Nc3 Nf6 3. g3 c6 4. Bg2 d5 5. cxd5 cxd5 6. d3 Nc6 7. Bg5 Be6 8. Bxf6 gxf6 9. Qa4 Be7 10. e4 d4 11. Nd5 O-O 12. Nxe7+ Qxe7 13. a3 a6 14. Nf3 b5 15. Qd1 Rac8 16. Nh4 Qd7 17. Qh5 Kg7 18. h3 Ne7 19. Bf3 Ng6 20. Nf5+ Bxf5 21. exf5 Ne7 22. Be4 Rc2 23. f4 Qd6 24. O-O Nd5 25. Qg4+ Kh8 26. Qh4 Ne3 27. fxe5 Qxe5 28. Rf4 Rg8 29. Kh1 Rg5 30. Rg1 Kg7 31. b4 Qc7 32. Bg2 Qc3 33. Be4 0-1

[Event "7th Leer Open-A 2024"]
[Site "Leer"]
[Date "2024.10.31"]
[Round "2.44"]
[White "Schnelting, Michael"]
[Black "Dorr, Joerg"]
[Result "1-0"]
[ECO "A14"]
[WhiteElo "2003"]
[BlackElo "1865"]
[Annotator "RC"]
[PlyCount "128"]
[EventDate "2024.10.14"]
[EventType "swiss"]
[EventCountry "GER"]
[SourceTitle "playchess.com"]
[Source "ChessBase"]
[SourceQuality "1"]
[TimeControl "40/5400+30:900+30"]

1. Nf3 d5 2. c4 c6 3. g3 Nf6 4. Bg2 e6 5. O-O Be7 6. b3 Nbd7 7. Bb2 O-O 8. Qc2 Re8 9. Nc3 dxc4 10. bxc4 e5 11. Rab1 Bf8 12. d3 Nc5 13. Nd2 Nfd7 14. e3 Ne6 15. Nb3 Ndc5 16. Rfd1 Nxb3 17. axb3 Qg5 18. d4 exd4 19. exd4 Nc7 20. Qd2 Qg6 21. Na4 Bf5 22. Rbc1 Na6 23. Re1 Rxe1+ 24. Rxe1 Rd8 25. Qa5 Qf6 26. d5 Bb4 27. Bxf6 Bxa5 28. Bxd8 Bxe1 29. dxc6 bxc6 30. Bxc6 Bc2 31. Bb5 Bxb3 32. Bxa6 Bxa4 33. Be7 Ba5 34. Bb7 Bb3 35. c5 Bb4 36. Ba6 Bd5 37. Kf1 f6 38. Ke2 Kf7 39. Bd6 Ke6 40. Bc8+ Kf7 41. Ba6 Bc6 42. Kd3 Ke8 43. f4 Kd7 44. Kc4 Ba3 45. Kb3 Bc1 46. Bb8 Be3 47. Bxa7 Bg1 48. h3 Bh2 49. Bd3 Bxg3 50. Bxh7 Bxf4 51. Bf5+ Ke7 52. Kc4 Bd7 53. Bxd7 Kxd7 54. Kd5 g5 55. Bb6 Bb8 56. c6+ Kc8 57. Ke6 Be5 58. Ba5 Bb2 59. Bb4 Ba1 60. Be7 Kc7 61. Bxf6 Bxf6 62. Kxf6 Kxc6 63. Kxg5 Kd6 64. Kf6 Kd5 1-0

[Event "7th Leer Open-A 2024"]
[Site "Leer"]
[Date "2024.10.31"]
[Round "2.46"]
[White "Langedijk, Ardjan"]
[Black "Engelmann, Chris"]
[Result "1-0"]
[ECO "C35"]
[WhiteElo "2000"]
[BlackElo "1861"]
[Annotator "RC"]
[PlyCount "47"]
[EventDate "2024.10.14"]
[EventType "swiss"]
[EventCountry "GER"]
[SourceTitle "playchess.com"]
[Source "ChessBase"]
[SourceQuality "1"]
[TimeControl "40/5400+30:900+30"]

1. e4 e5 2. f4 d6 3. Nf3 Be7 4. Nc3 exf4 5. d4 Bh4+ 6. Ke2 Nc6 7. Bxf4 Bg4 8. Qd3 a6 9. Kd2 Be7 10. Re1 Qd7 11. Kc1 O-O-O 12. d5 Nb8 13. Qc4 Re8 14. Bd3 Qd8 15. Kb1 Nd7 16. e5 Nb6 17. Qb3 Bxf3 18. exd6 Bxd6 19. Rxe8 Qxe8 20. Bxd6 Bxg2 21. Bf5+ Kb8 22. Rg1 Qe3 23. Bxc7+ Kxc7 24. Nb5+ 1-0

[Event "7th Leer Open-A 2024"]
[Site "Leer"]
[Date "2024.10.31"]
[Round "2.47"]
[White "Wecke, Thoralf"]
[Black "Wolf, Pablo"]
[Result "0-1"]
[ECO "D00"]
[WhiteElo "1867"]
[BlackElo "2000"]
[Annotator "RC"]
[PlyCount "80"]
[EventDate "2024.10.14"]
[EventType "swiss"]
[EventCountry "GER"]
[SourceTitle "playchess.com"]
[Source "ChessBase"]
[SourceQuality "1"]
[TimeControl "40/5400+30:900+30"]

1. d4 d5 2. Bg5 Nf6 3. Bxf6 exf6 4. e3 Bd6 5. c4 dxc4 6. Bxc4 Bf5 7. Qb3 O-O 8. Nd2 Nd7 9. Ngf3 Nb6 10. Bd3 Be6 11. Qc2 h6 12. O-O Nd5 13. a3 Rc8 14. Ne4 c6 15. Nxd6 Qxd6 16. Rac1 Rfd8 17. Bf5 b6 18. Bxe6 Qxe6 19. Rfd1 c5 20. Qd3 Ne7 21. Qb5 Nf5 22. dxc5 Rxd1+ 23. Rxd1 Rxc5 24. Qd3 g6 25. g3 Kg7 26. Nd4 Nxd4 27. Qxd4 Qb3 28. Rd3 Rc1+ 29. Kg2 Qc2 30. Qc3 Qb1 31. Qb3 Rg1+ 32. Kf3 Rh1 33. e4 Re1 34. Re3 Rd1 35. Qc3 Rc1 36. Qd4 Rc2 37. e5 Qh1+ 38. Kg4 f5+ 39. Kh3 Rxf2 40. e6+ Kh7 0-1

[Event "7th Leer Open-A 2024"]
[Site "Leer"]
[Date "2024.10.31"]
[Round "2.48"]
[White "Noennig, Jakob"]
[Black "Wolf, Vincent"]
[Result "1-0"]
[ECO "B42"]
[WhiteElo "1986"]
[BlackElo "1754"]
[Annotator "RC"]
[PlyCount "107"]
[EventDate "2024.10.14"]
[EventType "swiss"]
[EventCountry "GER"]
[SourceTitle "playchess.com"]
[Source "ChessBase"]
[SourceQuality "1"]
[TimeControl "40/5400+30:900+30"]

1. e4 c5 2. Nf3 e6 3. d4 cxd4 4. Nxd4 Nf6 5. Bd3 Nc6 6. Be3 Qb6 7. Nb5 Qd8 8. O-O a6 9. Nd4 d5 10. Nd2 Be7 11. Nxc6 bxc6 12. f4 O-O 13. e5 Nd7 14. Qh5 g6 15. Qh3 Re8 16. Nf3 c5 17. Rae1 Bb7 18. Ng5 Nf8 19. Qh6 d4 20. Bd2 Rc8 21. b3 Rb8 22. g4 Bxg5 23. fxg5 Qc7 24. Rf6 Re7 25. Bf4 Rc8 26. h4 Qd7 27. h5 Rce8 28. Re2 Qc6 29. hxg6 fxg6 30. Bg3 Rg7 31. Ref2 Qd7 32. Qh3 Qc6 33. R6f4 Qd7 34. Qf1 Qe7 35. Rf6 Ra8 36. Bc4 a5 37. Rxf8+ Rxf8 38. Bxe6+ Rgf7 39. Rxf7 Rxf7 40. Qf6 Qxf6 41. exf6 Be4 42. Bd6 Bxc2 43. Bxc5 d3 44. Be3 Kf8 45. Bxf7 Kxf7 46. Bd2 Bb1 47. a3 Bc2 48. b4 axb4 49. axb4 Bd1 50. b5 Bxg4 51. b6 Bc8 52. Kf2 h6 53. gxh6 Kxf6 54. Bc3+ 1-0

[Event "7th Leer Open-A 2024"]
[Site "Leer"]
[Date "2024.10.31"]
[Round "2.49"]
[White "Guetschow, Christian"]
[Black "Heutling, Elina"]
[Result "0-1"]
[ECO "B23"]
[WhiteElo "1861"]
[BlackElo "1983"]
[Annotator "RC"]
[PlyCount "36"]
[EventDate "2024.10.14"]
[EventType "swiss"]
[EventCountry "GER"]
[SourceTitle "playchess.com"]
[Source "ChessBase"]
[SourceQuality "1"]
[TimeControl "40/5400+30:900+30"]

1. Nc3 c5 2. e4 d6 3. Bb5+ Bd7 4. Bxd7+ Qxd7 5. f4 g6 6. Nf3 Bg7 7. d3 Nc6 8. Be3 f5 9. d4 cxd4 10. Nxd4 Nf6 11. Nd5 Nxd4 12. Qxd4 O-O 13. exf5 e6 14. fxe6 Qxe6 15. Nc7 Qf7 16. Nxa8 Ng4 17. Qb4 Nxe3 18. Kd2 Nc4+ 0-1

[Event "7th Leer Open-A 2024"]
[Site "Leer"]
[Date "2024.10.31"]
[Round "2.50"]
[White "Roth, Thorsten"]
[Black "Braun, Julian"]
[Result "1/2-1/2"]
[ECO "D34"]
[WhiteElo "1980"]
[BlackElo "1851"]
[Annotator "RC"]
[PlyCount "124"]
[EventDate "2024.10.14"]
[EventType "swiss"]
[EventCountry "GER"]
[SourceTitle "playchess.com"]
[Source "ChessBase"]
[SourceQuality "1"]
[TimeControl "40/5400+30:900+30"]

1. d4 Nf6 2. c4 e6 3. g3 d5 4. Bg2 c5 5. cxd5 exd5 6. Nf3 Nc6 7. O-O cxd4 8. Nxd4 Be7 9. Nc3 O-O 10. h3 Qb6 11. Nxc6 bxc6 12. Qc2 Ba6 13. Rd1 Rad8 14. Be3 Qb7 15. Rac1 Rfe8 16. Bf3 Nd7 17. Bd4 Bf6 18. Bxf6 Nxf6 19. Na4 Nd7 20. b3 Ne5 21. Bg2 Qe7 22. Nc5 Bc8 23. Rd4 Qf6 24. Rf4 Qg6 25. e3 Qxc2 26. Rxc2 g6 27. Ra4 Re7 28. Rc3 f5 29. Nd3 Nxd3 30. Rxd3 Kf7 31. Rc3 Rc7 32. Ra5 Ke6 33. Kf1 Kd6 34. b4 Be6 35. Ra6 Rb8 36. a3 Rb6 37. Ra5 Rb5 38. Rxb5 cxb5 39. Rxc7 Kxc7 40. Ke2 Kd6 41. Kd3 Bd7 42. Kd4 Bc6 43. h4 h5 44. Bf3 Bb7 45. Be2 Bc6 46. Bd3 Be8 47. Bc2 Bc6 48. Bb3 Bb7 49. f3 Bc6 50. Bd1 Bd7 51. Be2 a6 52. Bf1 Be8 53. Bd3 Bc6 54. Bc2 Bb7 55. Bd1 Bc8 56. Be2 Bd7 57. Bd3 Be6 58. e4 dxe4 59. fxe4 fxe4 60. Bxe4 Bf5 61. Bxf5 gxf5 62. Ke3 Ke5 1/2-1/2

[Event "7th Leer Open-A 2024"]
[Site "Leer"]
[Date "2024.10.31"]
[Round "2.51"]
[White "Vollmer, Andreas"]
[Black "Hans, Julian"]
[Result "0-1"]
[ECO "D13"]
[WhiteElo "1857"]
[BlackElo "1969"]
[Annotator "RC"]
[PlyCount "68"]
[EventDate "2024.10.14"]
[EventType "swiss"]
[EventCountry "GER"]
[SourceTitle "playchess.com"]
[Source "ChessBase"]
[SourceQuality "1"]
[TimeControl "40/5400+30:900+30"]

1. c4 c6 2. Nc3 d5 3. cxd5 cxd5 4. d4 Nf6 5. Nf3 Nc6 6. e3 Bg4 7. Be2 e6 8. h3 Bh5 9. a3 Be7 10. b4 Rc8 11. Bd2 O-O 12. O-O Bd6 13. Na4 Bb8 14. b5 Bxf3 15. Bxf3 Na5 16. Bb4 Re8 17. Qe2 Nc4 18. Nc5 Qb6 19. a4 a5 20. Ba3 Nxa3 21. Rxa3 Qd6 22. g3 b6 23. Rb3 bxc5 24. dxc5 Rxc5 25. Qd2 Bc7 26. Be2 Bb6 27. Bd3 Rec8 28. Kg2 Qe5 29. f4 Qc7 30. Kf3 Rc3 31. Rb2 Ne4 32. Qd1 Nc5 33. Bc2 Rxe3+ 34. Kg4 f5+ 0-1

[Event "7th Leer Open-A 2024"]
[Site "Leer"]
[Date "2024.10.31"]
[Round "2.52"]
[White "Schoene, Finn"]
[Black "Bundan, Edward"]
[Result "1-0"]
[ECO "B13"]
[WhiteElo "1847"]
[BlackElo "1952"]
[Annotator "RC"]
[PlyCount "71"]
[EventDate "2024.10.14"]
[EventType "swiss"]
[EventCountry "GER"]
[SourceTitle "playchess.com"]
[Source "ChessBase"]
[SourceQuality "1"]
[TimeControl "40/5400+30:900+30"]

1. d4 Nf6 2. Nc3 d5 3. Bf4 c5 4. e3 cxd4 5. exd4 a6 6. Nf3 e6 7. Ne5 Nc6 8. Nxc6 bxc6 9. Na4 c5 10. Nxc5 Bxc5 11. dxc5 Qa5+ 12. c3 Qxc5 13. Bd3 Bb7 14. O-O O-O 15. Be5 Nd7 16. Bd4 Qd6 17. Qh5 g6 18. Qh4 e5 19. Be3 f5 20. Bh6 Rf7 21. Bc2 Rc8 22. Rad1 Nb6 23. Bb3 Qe6 24. Rfe1 e4 25. Rd4 Rd7 26. f3 Nc4 27. Red1 exf3 28. Re1 Qf7 29. gxf3 Nb6 30. Rb4 Rc6 31. Qd4 Re6 32. Rxe6 Qxe6 33. Rxb6 Qe1+ 34. Kg2 Qe2+ 35. Qf2 Qe5 36. Qe3 1-0

[Event "7th Leer Open-A 2024"]
[Site "Leer"]
[Date "2024.10.31"]
[Round "2.53"]
[White "Thomas, Jeremy"]
[Black "Gerhardt, Dirk"]
[Result "1-0"]
[ECO "B15"]
[WhiteElo "1948"]
[BlackElo "1832"]
[Annotator "RC"]
[PlyCount "77"]
[EventDate "2024.10.14"]
[EventType "swiss"]
[EventCountry "GER"]
[SourceTitle "playchess.com"]
[Source "ChessBase"]
[SourceQuality "1"]
[TimeControl "40/5400+30:900+30"]

1. e4 g6 2. d4 Bg7 3. Nc3 c6 4. Be3 d5 5. e5 Nd7 6. Nf3 b5 7. Bd3 Nb6 8. b3 Bg4 9. h3 Bxf3 10. Qxf3 e6 11. O-O Ne7 12. Bg5 b4 13. Nd1 Nd7 14. Ne3 c5 15. Bb5 O-O 16. Ng4 Nb8 17. Bf6 h5 18. Nh2 Bxf6 19. Qxf6 Nf5 20. Qxd8 Rxd8 21. Nf3 a6 22. Ba4 Rc8 23. dxc5 Rxc5 24. Rfc1 Ra7 25. a3 Rac7 26. axb4 Rxc2 27. Rxc2 Rxc2 28. b5 axb5 29. Bxb5 Rc5 30. Bf1 Nc6 31. Ra8+ Kg7 32. Rc8 Nfe7 33. Rc7 Kf8 34. b4 Rc2 35. b5 Nb4 36. Ra7 Rb2 37. Nd4 Ke8 38. b6 Kd8 39. Bb5 1-0

[Event "7th Leer Open-A 2024"]
[Site "Leer"]
[Date "2024.10.31"]
[Round "2.54"]
[White "Goes, Carsten"]
[Black "Meyer, Thorsten"]
[Result "1-0"]
[ECO "B23"]
[WhiteElo "1826"]
[BlackElo "2295"]
[Annotator "RC"]
[PlyCount "47"]
[EventDate "2024.10.14"]
[EventType "swiss"]
[EventCountry "GER"]
[SourceTitle "playchess.com"]
[Source "ChessBase"]
[SourceQuality "1"]
[TimeControl "40/5400+30:900+30"]

1. e4 d6 2. Nc3 g6 3. f4 Bg7 4. Nf3 c5 5. Bb5+ Bd7 6. Bc4 Nc6 7. O-O e6 8. a3 a6 9. d3 Nge7 10. Qe1 b5 11. Ba2 Nd4 12. Nxd4 cxd4 13. Ne2 Qc7 14. c3 Nc6 15. f5 dxc3 16. Nxc3 Nd8 17. Bg5 Rc8 18. Rc1 Qb6+ 19. Kh1 Be5 20. Qh4 h6 21. Bxd8 Qxd8 22. Qf2 Qe7 23. d4 Bf6 24. fxe6 1-0

[Event "7th Leer Open-A 2024"]
[Site "Leer"]
[Date "2024.10.31"]
[Round "2.55"]
[White "Kutlar, Aras"]
[Black "Cordes, Jule"]
[Result "1-0"]
[ECO "C12"]
[WhiteElo "1759"]
[BlackElo "1945"]
[Annotator "RC"]
[PlyCount "155"]
[EventDate "2024.10.14"]
[EventType "swiss"]
[EventCountry "GER"]
[SourceTitle "playchess.com"]
[Source "ChessBase"]
[SourceQuality "1"]
[TimeControl "40/5400+30:900+30"]

1. e4 e6 2. d4 d5 3. Nc3 Nf6 4. Bg5 Bb4 5. e5 h6 6. exf6 hxg5 7. fxg7 Rg8 8. Qd3 Qf6 9. O-O-O Nc6 10. Nf3 Bd7 11. h4 g4 12. Ng5 Qxg7 13. Nb5 Ba5 14. Qe3 O-O-O 15. Be2 Rde8 16. Bxg4 f6 17. Bh5 Re7 18. Nh3 Qh7 19. Nf4 Nb4 20. Na3 Nxa2+ 21. Kb1 Nb4 22. Be2 Bb6 23. Qb3 Nc6 24. Qe3 Qf7 25. Bf3 Kb8 26. h5 Qh7 27. Ng6 Ree8 28. Rhe1 Nd8 29. Qf4 Qg7 30. c3 Nf7 31. Qg3 Ka8 32. Nc2 c6 33. Ne3 Qh7 34. Rh1 Nh8 35. Qd6 Nxg6 36. hxg6 Qxg6+ 37. Ka2 Qg7 38. Ng4 Rgf8 39. Rh4 Rh8 40. Rxh8 Rxh8 41. Nxf6 Qxf6 42. Qxd7 e5 43. dxe5 Qxe5 44. Rd2 d4 45. Re2 Qa5+ 46. Kb3 Qb5+ 47. Kc2 Qa4+ 48. b3 Qa2+ 49. Kd3 Qa6+ 50. c4 Qa5 51. Re8+ Rxe8 52. Qxe8+ Bd8 53. Kxd4 Qd2+ 54. Kc5 Qxf2+ 55. Kd6 Qd4+ 56. Ke6 Kb8 57. Qf8 Kc7 58. Qf7+ Kb6 59. Qf5 Qe3+ 60. Qe5 Qh6+ 61. Kd7 Qf8 62. c5+ Kb5 63. Be2+ Kb4 64. Qd4+ Ka3 65. Qa1+ Kxb3 66. Qb1+ Ka3 67. Qc1+ Kb3 68. Qb1+ Ka3 69. Qd3+ Kb2 70. Qd4+ Kb3 71. Bd1+ Ka2 72. Qa4+ Kb1 73. Qb3+ Ka1 74. Qc3+ Ka2 75. Bb3+ Ka3 76. Bc2+ Ka2 77. Qb3+ Ka1 78. Qb1# 1-0

[Event "7th Leer Open-A 2024"]
[Site "Leer"]
[Date "2024.10.31"]
[Round "2.56"]
[White "Moeller, Tom"]
[Black "Lehmann, Edwin"]
[Result "1/2-1/2"]
[ECO "A81"]
[WhiteElo "1812"]
[BlackElo "1942"]
[Annotator "RC"]
[PlyCount "104"]
[EventDate "2024.10.14"]
[EventType "swiss"]
[EventCountry "GER"]
[SourceTitle "playchess.com"]
[Source "ChessBase"]
[SourceQuality "1"]
[TimeControl "40/5400+30:900+30"]

1. d4 f5 2. Nc3 Nf6 3. g3 d6 4. Bg2 g6 5. e4 c6 6. Bg5 Bg7 7. Bxf6 Bxf6 8. f4 fxe4 9. Nxe4 O-O 10. Nf3 Bf5 11. Nxf6+ exf6 12. O-O Qd7 13. Re1 Na6 14. d5 c5 15. Nd2 Rae8 16. Ne4 Bxe4 17. Rxe4 Rxe4 18. Bxe4 Re8 19. Bd3 b5 20. a4 c4 21. axb5 Qxb5 22. Bf1 Qc5+ 23. Kh1 Nb4 24. Qd2 Nxd5 25. Ra5 c3 26. Rxc5 cxd2 27. Rxd5 Re1 28. Rxd2 Rxf1+ 29. Kg2 Re1 30. Kf3 Re6 31. f5 gxf5 32. Re2 Re5 33. Rd2 d5 34. Rd4 Kf7 35. Rb4 a5 36. Rb7+ Kg6 37. Ra7 d4 38. Rc7 h6 39. h4 Rb5 40. b3 d3 41. cxd3 Rxb3 42. Ke3 a4 43. Ra7 a3 44. Ra5 h5 45. Ra4 Kf7 46. Kd4 Rb2 47. Rxa3 Rg2 48. Kc5 Rxg3 49. Ra7+ Ke6 50. Ra6+ Ke7 51. Ra7+ Ke6 52. Ra6+ Ke7 1/2-1/2

[Event "7th Leer Open-A 2024"]
[Site "Leer"]
[Date "2024.10.31"]
[Round "2.57"]
[White "Bauer, Timon"]
[Black "Haertel, Leon"]
[Result "1-0"]
[ECO "C00"]
[WhiteElo "1938"]
[BlackElo "1816"]
[Annotator "RC"]
[PlyCount "53"]
[EventDate "2024.10.14"]
[EventType "swiss"]
[EventCountry "GER"]
[SourceTitle "playchess.com"]
[Source "ChessBase"]
[SourceQuality "1"]
[TimeControl "40/5400+30:900+30"]

1. e4 c5 2. Nf3 Nc6 3. d3 e6 4. g3 Nf6 5. Bg2 d5 6. Qe2 Be7 7. O-O O-O 8. e5 Nd7 9. c4 dxc4 10. dxc4 Qc7 11. Bf4 b6 12. Nc3 a6 13. Rad1 Bb7 14. Nd5 Qc8 15. Nxe7+ Nxe7 16. Qd3 Rd8 17. Bg5 f6 18. exf6 gxf6 19. Qe3 Kf7 20. Bh3 Qc6 21. Bxf6 Qxf3 22. Qxe6+ Kg6 23. Bxe7+ Nf6 24. Qxf6+ Qxf6 25. Bxf6 Kxf6 26. Bg2 Bxg2 27. Kxg2 1-0